 Dungeon Crawl Stone Soup version 0.28.0-43-g3370ac3207 (webtiles) character file.

Game seed: 21192761167699249

9968 Faeu the Blocker (level 11, -27/102 HPs)
             Began as a Minotaur Fighter on Mar 26, 2022.
             Was a Believer of Trog.
             Killed from afar by a blizzard demon (28 damage)
             ... with a bolt of lightning
             ... on level 3 of the Abyss.
             The game lasted 01:48:32 (12181 turns).

Faeu the Blocker (Minotaur Fighter)                Turns: 12181, Time: 01:48:33

Health: -27/102    AC: 25    Str: 32    XL:     11   Next: 30%
Magic:  10/10      EV:  8    Int:  5    God:    Trog [**....]
Gold:   207        SH:  6    Dex:  9    Spells: 10/10 levels left

rFire   . . .      SeeInvis .   r - +9 falchion (distort) {!wlong}
rCold   . . .      Faith    .   c - +0 buckler
rNeg    . . .      Spirit   .   R - +5 plate armour {ponderous}
rPois   .          Reflect  .   j - +0 hat
rElec   .          Harm     .   k - +0 cloak
rCorr   .          Rampage  .   (no gloves)
Will    .....                   (no boots)
Stlth   ..........              Y - amulet of magic regeneration {@e2}
HPRegen 0.27/turn               f - +4 ring of protection
MPRegen 0.52/turn               O - +6 ring of strength

@: studying Throwing, slow
A: horns 2, retaliatory headbutt
a: Renounce Religion, Berserk, Trog's Hand


You were on level 3 of the Abyss.
You worshipped Trog.
Trog was pleased with you.
You visited 2 branches of the dungeon, and saw 11 of its levels.
You visited the Abyss 1 time.
You also visited: Sewer.

You collected 532 gold pieces.
You spent 325 gold pieces at shops.


Innate Abilities, Weirdness & Mutations

You have a pair of horns on your head.
You reflexively headbutt those who attack you in melee.


   Skills:
 + Level 11.2 Fighting
 + Level 11.0 Long Blades
 + Level 11.3 Armour
 + Level 11.3 Shields


You had 10 spell levels left.
You didn't know any spells.
Your spell library contained the following spells:

 Spells                   Type           Power      Damage    Failure   Level
 Blink                    Tloc           0%         N/A       99%         2
 Mephitic Cloud           Conj/Pois/Air  0%         N/A       100%        3
 Portal Projectile        Hex/Tloc       0%         N/A       100%        3
 Tukima's Dance           Hex            0%         N/A       100%        3
 Iskenderun's Mystic Bla  Conj/Tloc      0%         2d3       100%        4
 Passage of Golubria      Tloc           0%         N/A       100%        4
 Blade Hands              Tmut           0%         N/A       100%        5
 Excruciating Wounds      Necr           0%         N/A       100%        5
 Manifold Assault         Tloc           0%         N/A       100%        5
 Yara's Violent Unravell  Hex/Tmut       0%         3d3       100%        5
 Conjure Ball Lightning   Conj/Air       0%         3x3d6     100%        6
 Storm Form               Tmut/Air       0%         N/A       100%        7

Inventory:

Hand Weapons
 q - a +2 short sword of holy wrath {short}
   (You found it on level 2 of the Dungeon)
 r - a +9 falchion of distortion (weapon) {!wlong}
   (You took it off Terence on level 3 of the Dungeon)
 L - a +1 whip of flaming {mace}
   (You took it off Pikel on level 8 of the Dungeon)
 P - a +4 dagger {short}
   (You took it off a wight on level 8 of the Dungeon)
 W - the +5 long sword "Femuxoz" {freeze, +Blink rElec Int-4, long}
   (You found it on level 10 of the Dungeon)

   It freezes those it strikes, dealing additional cold damage.
   It can also slow down cold-blooded creatures.
   Int:       It affects your intelligence (-4).
   rElec:     It insulates you from electricity.
   +Blink:    It lets you blink.
 X - a +3 dagger of distortion {!wshort}
   (You took it off Psyche on level 10 of the Dungeon)
Missiles
 b - 10 poisoned darts {throwing}
 v - a silver boomerang {throwing}
 z - 5 boomerangs (quivered) {throwing}
Armour
 c - a +0 buckler (worn)
 j - a +0 hat (worn)
   (You found it in a sewer)
 k - a +0 cloak (worn)
   (You found it on level 2 of the Dungeon)
 K - +0 acid dragon scales
   (You took it off Maggie on level 7 of the Dungeon)
 R - a +5 plate armour of ponderousness (worn)
   (You bought it in a shop on level 9 of the Dungeon)
Jewellery
 f - a +4 ring of protection (left hand)
   (You found it on level 1 of the Dungeon)
 u - a ring of fire
   (You found it on level 3 of the Dungeon)
 E - a +6 ring of intelligence
   (You found it on level 5 of the Dungeon)
 O - a +6 ring of strength (right hand)
   (You found it on level 8 of the Dungeon)
 Y - an amulet of magic regeneration (around neck) {@e2}
   (You found it on level 10 of the Dungeon)
 Z - a +4 ring of evasion
   (You found it on level 10 of the Dungeon)
Wands
 a - a wand of mindburst (14)
   (You found it on level 7 of the Dungeon)
 x - a wand of flame (4)
   (You found it on level 4 of the Dungeon)
 y - a wand of iceblast (13)
   (You found it on level 4 of the Dungeon)
 B - a wand of paralysis (9)
   (You found it on level 5 of the Dungeon)
 C - a wand of acid (14)
   (You found it on level 5 of the Dungeon)
 I - a wand of digging (3)
   (You took it off Maggie on level 7 of the Dungeon)
Scrolls
 e - 5 scrolls of teleportation {@r4}
 i - a scroll of blinking {unknown}
 l - 5 scrolls of noise {!r}
 n - 2 scrolls of fear
 p - 2 scrolls of enchant armour
 t - 2 scrolls of torment {!r}
 w - a scroll of acquirement {unknown}
 A - 3 scrolls of brand weapon
 F - 2 scrolls of amnesia
 H - 2 scrolls of magic mapping {!r}
 M - a scroll of vulnerability {!r!r}
 N - a scroll of fog {unknown}
 S - a scroll of silence {unknown}
Potions
 d - 2 potions of might
 g - 2 potions of degeneration {!q@e2}
 h - 3 potions of curing {@q1}
 m - 2 potions of brilliance
 o - a potion of lignification {!q}
 s - 3 potions of attraction {!q}
 D - a potion of mutation {!q}
 G - 5 potions of flight
 J - a potion of ambrosia {unknown}
 T - a potion of cancellation {unknown}
 U - a potion of resistance
Miscellaneous
 V - a piece from Xom's chessboard (15/15)
   (You found it on level 9 of the Dungeon)

Dungeon Overview and Level Annotations

Branches:
Dungeon (10/15)            Temple (1/1) D:5           Sewer (visited)
   Lair: D:8-11         Orc: D:9-12

Altars:
Ashenzari
Cheibriados
Dithmenos
Elyvilon
Fedhas
Gozag
Hepliaklqana
Kikubaaqudgha
Makhleb
Nemelex Xobeh
Okawaru
Ru
Sif Muna
Trog
Uskayaw
Vehumet
Wu Jian
Xom
Yredelemnul
Zin
The Shining One

Shops:
D:4 *   D:7 (**?   D:9 *(

Portals:
Abyss: D:4

Annotations:
Abyss:1 dangdung's ghost, amateur OpTm

#.........#.#..# .
###. ..# ..#.#..
##. . ..##..
.v.##.#...#... .
.#. #
...#.......#..
..#.
#.##.##.##..##..#
.. ..
#.2##...#......# #
.# .
#.#......#..#.#
... ##
#..#.##....#.#...#
. ##.#....2.@....#
.#.#########...#
#..#. # ..#
....... # ยง# #
..# # x. #.. #. ##


You could see a blizzard demon and a spatial vortex.


Message History

๐Ÿ˜• HP[+1]
You slash the large abomination!
The large abomination hits you! ๐Ÿ˜• HP[-8]
You take 8 damage, and now have 93/102 hp.
You hit the large abomination but do no damage.
The large abomination is devoured by a tear in reality. ๐Ÿ˜• HP[+1] ๐Ÿ˜• HP[+1] ๐Ÿ˜• HP[+1] ๐Ÿ˜• HP[+1] ๐Ÿ˜• HP[+1] HP restored.
A tentacled starspawn comes into view. ๐Ÿ˜Ž HP[+4]
The tentacled starspawn bites you!!
The tentacled starspawn tentacle-slaps you! ๐Ÿ˜ฎ HP[-39]
You take 39 damage, and now have 63/102 hp.
MASSIVE DAMAGE!! (PAUSE)
You slash the tentacled starspawn!
Space warps horribly around the tentacled starspawn!
You headbutt the tentacled starspawn.
The tentacled starspawn bites you but does no damage.
The tentacled starspawn tentacle-slaps you but does no damage.
You hit the tentacled starspawn.
Space warps horribly around the tentacled starspawn!!
You headbutt the tentacled starspawn! You slice the tentacled starspawn!!
Space warps around the tentacled starspawn.
You destroy the tentacled starspawn!
That felt strangely unrewarding.
You start resting.
A phantasmal warrior comes into view. ๐Ÿ˜ฎ HP[+1]
A small abomination comes into view. ๐Ÿ˜ฎ HP[+1]
You slash the small abomination!
Your headbutt misses the small abomination.
The small abomination blinks! ๐Ÿ˜ฎ HP[+1]
The small abomination barely misses you.
You barely miss the small abomination.
The small abomination hits you. ๐Ÿ˜ฎ HP[-6]
You take 6 damage, and now have 60/102 hp.
You hit the small abomination but do no damage.
Space warps horribly around the small abomination!!
You destroy the small abomination!
That felt strangely unrewarding.
A blizzard demon comes into view.
The blizzard demon shouts! ๐Ÿ˜ฎ HP[+1]
The blizzard demon gestures at you. The bolt of lightning hits you!!
* * * LOW HITPOINT WARNING * * *
๐Ÿ˜จ HP[-28]
You take 28 damage, and now have 33/102 hp.
MASSIVE DAMAGE!! (PAUSE) ๐Ÿ˜จ HP[+1] ๐Ÿ˜จ HP[+1] ๐Ÿ˜จ HP[+1]
You start resting.
A blizzard demon is nearby! ๐Ÿ˜จ HP[+1]
The blizzard demon hits you but does no damage.
The blizzard demon barely misses you.
You hit the blizzard demon.
You headbutt the blizzard demon, but do no damage.
The blizzard demon blinks! ๐Ÿ˜จ HP[+1] ๐Ÿ˜จ HP[+1]
The blizzard demon gestures at you. The bolt of cold hits you.
* * * LOW HITPOINT WARNING * * *
๐Ÿ˜จ HP[-2]
You take 2 damage, and now have 37/102 hp.
The blizzard demon gestures at you. The freezing blast misses you.
You are engulfed in freezing vapours.
* * * LOW HITPOINT WARNING * * *
๐Ÿ˜ฑ HP[-18]
You take 18 damage, and now have 19/102 hp.
You are engulfed in freezing vapours.
* * * LOW HITPOINT WARNING * * *
๐Ÿ˜ฑ HP[-17]
You take 17 damage, and now have 2/102 hp.
The blizzard demon is engulfed in freezing vapours.
As you read the scroll of fear, it crumbles to dust.
You assume a fearsome visage.
The blizzard demon resists with almost no effort. ๐Ÿ˜ฑ HP[+1]
You feel better. The blizzard demon gestures at you. The bolt of cold hits you!
* * * LOW HITPOINT WARNING * * *
A spatial vortex comes into view. ๐Ÿ˜ฑ HP[-2]
You take 2 damage, and now have 1/102 hp.
The blizzard demon gestures at you. The bolt of lightning hits you!!
You die...

Skill      XL: |  1  2  3  4  5  6  7  8  9 10 11 |
---------------+----------------------------------+-----
Armour         | 4 5 6 8 9 10 11 | 11.3
Shields        | 4 5 6 8 9 10 11 | 11.3
Fighting       | 4 5 6 8 9 10 11 | 11.2
Long Blades    | 3 4 5 6 7 9 10 11 | 11.0

Action                   |  1- 3 |  4- 6 |  7- 9 | 10-12 || total
-------------------------+-------+-------+-------+-------++-------
Melee: Long sword        |    92 |    46 |       |       ||   138
       Headbutt          |     6 |    13 |    29 |    23 ||    71
       Falchion          |       |    70 |   255 |   133 ||   458
Throw: Boomerang         |       |     3 |     9 |    32 ||    44
       Dart              |       |       |       |     1 ||     1
  Use: Scroll            |       |       |    18 |     7 ||    25
       Potion            |       |       |     2 |     3 ||     5
Armor: Scale mail        |    47 |    57 |    83 |       ||   187
       Acid dragon scale |       |       |    21 |    22 ||    43
       Plate armour      |       |       |       |    49 ||    49
Dodge: Dodged            |    60 |    38 |    97 |    56 ||   251
Block: Buckler           |    20 |    26 |    55 |    39 ||   140

Levels and vault maps discovered:
D:1:      dpeg_arrival_more_subterranean_lakeside_camping, layout_rooms,
          hellmonk_ecumenical_altar_pennies_from_heaven,
          grunt_decor_mini_mirrors
D:2:      layout_loops_cross, moated_statue, glass_columns_a
D:3:      minmay_octagon_keep, layout_basic, uniq_terence, uniq_grinder
D:4:      layout_layer_cave, grunt_temple_overflow_gold_and_silver,
          vehumet_statue, lemuel_round_altar, gammafunk_ghost_abyssal_escape,
          serial_bayou, serial_bayou_crossing, serial_bayou_pond_e,
          serial_bayou_lagoon_b, ebering_dispersal_statue_hall,
          nicolae_shop_overcharged_wands
D:5:      layout_loops_ring, temple_hall_moat, minivault_24,
          kennysheep_generic_room_15
D:6:      layout_basic, kennysheep_mini, pf_just_have_faith,
          dancing_weapons_uskayaw, nicolae_dithmenos_the_darkroom,
          gup_sewer_entry_bubbles, serial_rivers,
          chequers_serial_rivers_small_3, chequers_serial_rivers_large_b,
          chequers_serial_rivers_micro_d, chequers_serial_rivers_micro_c,
          chequers_serial_rivers_small_3, enter_ossuary_4
D:7:      layout_layer_cave, serial_shops, shop,
          nicolae_shop_bloodbath_and_beyond, nicolae_stop_n_shop_2,
          nicolae_shop_temple_entry_statues_fountains, uniq_maggie
D:8:      layout_layer_cave, mainiacjoe_overflow_24_doors,
          nicolae_overflow_hidden_temple, uniq_pikel
D:9:      layout_cave_pools, serial_shops, nicolae_shop_hallway_plus,
          kennysheep_small_square, uniq_grum
D:10:     layout_roguey, hive_lemuel, uniq_erolcha, uniq_josephine, uniq_psyche
Temple:   jpeg_temple_clearing
Abyss:3:  base: D:10, base:
D:1

Notes
Turn   | Place    | Note
-------+----------+-------------------------------------------
     0 | D:1      | Faeu the Minotaur Fighter began the quest for the Orb.
     0 | D:1      | Reached XP level 1. HP: 19/19 MP: 0/0
     0 | D:1      | magus.rc [v1.9.6]
    26 | D:1      | magus.rc [v1.9.6]
   210 | D:1      | Reached XP level 2. HP: 26/27 MP: 1/1
   292 | D:1      | Found a faded altar of an unknown god.
   377 | D:1      | Reached skill level 4 in Armour
   381 | D:1      | Reached skill level 4 in Shields
   384 | D:1      | Reached skill level 4 in Fighting
   642 | D:2      | Reached skill level 3 in Long Blades
   642 | D:2      | Reached XP level 3. HP: 33/33 MP: 2/2
   969 | D:2      | Reached XP level 4. HP: 26/40 MP: 3/3
  1106 | D:2      | magus.rc [v1.9.6]
  1366 | D:3      | magus.rc [v1.9.6]
  1369 | D:3      | magus.rc [v1.9.6]
  1369 | D:3      | magus.rc [v1.9.6]
  1457 | D:3      | magus.rc [v1.9.6]
  1457 | D:3      | Noticed a black bear
  1458 | D:3      | magus.rc [v1.9.6]
  1458 | D:3      | magus.rc [v1.9.6]
  1458 | D:3      | magus.rc [v1.9.6]
  1461 | D:3      | magus.rc [v1.9.6]
  1463 | D:3      | magus.rc [v1.9.6]
  1474 | D:3      | Killed a black bear
  1475 | D:3      | Reached XP level 5. HP: 34/47 MP: 4/4
  1568 | D:3      | Noticed Terence
  1569 | D:3      | magus.rc [v1.9.6]
  1583 | D:3      | HP: 7/47 [Terence/+0 falchion of distortion (5)]
  1584 | D:3      | HP: 2/47 [Terence/+0 falchion of distortion (5)]
  1587 | D:3      | Killed Terence
  1588 | D:3      | Reached skill level 4 in Long Blades
  1916 | D:3      | Reached skill level 5 in Armour
  1916 | D:3      | Reached skill level 5 in Shields
  1918 | D:3      | Reached skill level 5 in Fighting
  2042 | D:3      | Reached XP level 6. HP: 56/56 MP: 5/5
  2413 | D:3      | Noticed Grinder
  2414 | D:3      | magus.rc [v1.9.6]
  2414 | D:3      | Paralysed by Grinder for 2 turns
  2428 | D:3      | Paralysed by Grinder for 4 turns
  2445 | D:3      | Paralysed by Grinder for 5 turns
  2456 | D:3      | Killed Grinder
  3006 | D:4      | Found a blossoming altar of Fedhas.
  3130 | D:4      | Found an opulent altar of Gozag.
  3131 | D:4      | Found a glowing silver altar of Zin.
  3404 | D:4      | Found a radiant altar of Vehumet.
  3419 | D:4      | Reached skill level 5 in Long Blades
  3419 | D:4      | Reached XP level 7. HP: 58/62 MP: 6/6
  3484 | D:4      | Found Ygasem's Overcharged Wands.
  3665 | D:4      | HP: 8/62 [ogre/+0 giant club (12)]
  3667 | D:4      | Reached skill level 6 in Fighting
  3667 | D:4      | Reached skill level 6 in Armour
  3667 | D:4      | Reached skill level 6 in Shields
  3667 | D:4      | HP: 3/63 [orc/+0 club (2)]
  4090 | D:4      | Found a transporter.
  4121 | D:4      | Found a transporter.
  4169 | D:4      | Found a one-way gate to the infinite horrors of the Abyss.
  4169 | D:4      | Noticed dangdung's ghost (amateur OpTm)
  4277 | D:4      | You add the spells Blink, Manifold Assault and Storm Form
                  | to your library.
  4282 | D:4      | You pick up a book of Weapons and begin reading...
  4282 | D:4      | You add the spells Portal Projectile, Excruciating Wounds
                  | and Blade Hands to your library.
  4288 | D:4      | magus.rc [v1.9.6]
  4290 | D:4      | Banished dangdung's ghost
  4648 | D:5      | Entered Level 5 of the Dungeon
  4858 | D:5      | Reached skill level 6 in Long Blades
  4862 | D:5      | Reached XP level 8. HP: 71/71 MP: 7/7
  4957 | D:5      | Reached skill level 7 in Fighting
  4957 | D:5      | Reached skill level 7 in Armour
  4957 | D:5      | Reached skill level 7 in Shields
  5242 | D:5      | Found a staircase to the Ecumenical Temple.
  5246 | Temple   | Entered the Ecumenical Temple
  5315 | Temple   | Became a worshipper of Trog the Wrathful
  5600 | D:6      | Noticed a +0 dagger
  5601 | D:6      | Noticed a +0 hand axe
  5602 | D:6      | Found a hide-covered altar of Uskayaw.
  5607 | D:6      | Found the +9 staff of Wucad Mu {*channel}
  5664 | D:6      | Found a shadowy altar of Dithmenos.
  5755 | D:6      | Reached skill level 7 in Long Blades
  5857 | D:6      | Found a glowing drain.
  5869 | Sewer    | Entered a sewer
  5917 | Sewer    | Reached * piety under Trog
  6679 | D:6      | Found a snail-covered altar of Cheibriados.
  6801 | D:6      | Found a shimmering blue altar of Sif Muna.
  7227 | D:7      | Noticed Maggie
  7238 | D:7      | Found Mabbiegg's Weapon Shoppe.
  7240 | D:7      | Killed Maggie
  7241 | D:7      | Reached skill level 8 in Fighting
  7241 | D:7      | Reached skill level 8 in Armour
  7241 | D:7      | Reached skill level 8 in Shields
  7241 | D:7      | Reached XP level 9. HP: 51/81 MP: 8/8
  7514 | D:7      | You add the spells Mephitic Cloud, Iskenderun's Mystic
                  | Blast and Conjure Ball Lightning to your library.
  7514 | D:7      | Got the Handbook of Flying Dislocation {forbidden}
  7545 | D:7      | Found Olut's Assorted Antiques.
  7696 | D:7      | Found Nium's Assorted Antiques.
  7721 | D:7      | Found Wubeass's Magic Scroll Shoppe.
  7808 | D:7      | Reached skill level 8 in Long Blades
  7872 | D:7      | You add the spells Tukima's Dance, Passage of Golubria and
                  | Yara's Violent Unravelling to your library.
  8214 | D:8      | Found an iron altar of Okawaru.
  8349 | D:8      | Noticed Pikel
  8375 | D:8      | Killed Pikel
  8376 | D:8      | Reached skill level 9 in Fighting
  8376 | D:8      | Reached skill level 9 in Armour
  8376 | D:8      | Reached skill level 9 in Shields
  9071 | D:8      | Found a hazy altar of Hepliaklqana.
  9075 | D:8      | Found an ancient bone altar of Kikubaaqudgha.
  9152 | D:8      | Reached skill level 9 in Long Blades
  9827 | D:9      | Noticed a troll
  9849 | D:8      | Killed a troll
  9850 | D:8      | Reached XP level 10. HP: 64/91 MP: 9/9
  9967 | D:9      | Noticed Grum
  9968 | D:9      | magus.rc [v1.9.6]
  9981 | D:8      | Reached ** piety under Trog
 10497 | D:9      | Noticed a two-headed ogre
 10508 | D:9      | Killed a two-headed ogre
 10509 | D:9      | Reached skill level 10 in Armour
 10509 | D:9      | Reached skill level 10 in Shields
 10514 | D:9      | Reached skill level 10 in Fighting
 10737 | D:9      | Found Egot's General Store.
 10757 | D:9      | Bought a +5 plate armour of ponderousness for 325 gold
                  | pieces
 10798 | D:9      | Found Suustuj's Weapon Emporium.
 10801 | D:9      | Killed Grum
 10977 | D:9      | Reached skill level 10 in Long Blades
 11204 | D:10     | Entered Level 10 of the Dungeon
 11207 | D:10     | Noticed Erolcha
 11208 | D:10     | magus.rc [v1.9.6]
 11495 | D:10     | Killed Erolcha
 11504 | D:10     | Noticed a two-headed ogre
 11510 | D:10     | Killed a two-headed ogre
 11676 | D:10     | Identified the +5 long sword "Femuxoz" {freeze, +Blink
                  | rElec Int-4}
 11693 | D:10     | Noticed Psyche
 11694 | D:10     | magus.rc [v1.9.6]
 11698 | D:10     | Killed Psyche
 11699 | D:10     | Reached XP level 11. HP: 87/101 MP: 10/10
 11764 | D:10     | Noticed Josephine
 11766 | D:10     | magus.rc [v1.9.6]
 11787 | D:10     | Killed Josephine
 11788 | D:10     | Reached skill level 11 in Fighting
 11788 | D:10     | Reached skill level 11 in Armour
 11788 | D:10     | Reached skill level 11 in Shields
 12043 | D:10     | Reached skill level 11 in Long Blades
 12043 | D:10     | You are cast into the Abyss!
 12043 | D:10     | Cast into level 3 of the Abyss (unwielding a weapon of
                  | distortion)
 12131 | Abyss:3  | Noticed a tentacled starspawn
 12135 | Abyss:3  | Killed a tentacled starspawn
 12136 | Abyss:3  | Noticed a phantasmal warrior
 12147 | Abyss:3  | Noticed a blizzard demon
 12174 | Abyss:3  | HP: 19/102 [something] (18)]
 12175 | Abyss:3  | HP: 1/102 [something] (18)]
 12180 | Abyss:3  | HP: 1/102 [blizzard demon/bolt of cold (10)]
 12181 | Abyss:3  | Killed from afar by a blizzard demon

Vanquished Creatures
  A tentacled starspawn (Abyss:3)
  Josephine (D:10)
  Erolcha (D:10)
  2 two-headed ogres
  Pikel (D:8)
  Maggie (D:7)
  Psyche (D:10)
  A troll (D:8)
  Grinder (D:3)
  A shadow (D:9)
  3 wraiths (D:10)
  4 yaks
  Grum (D:9)
  A steam dragon (D:6)
  A water moccasin (D:9)
  An acid dragon (D:10)
  2 orc warriors (D:9)
  3 black bears
  An ice beast (D:7)
  A sky beast (D:7)
  3 ogres
  3 wolves
  5 centaurs
  4 lemures (D:8)
  4 kobold brigands
  5 bullfrogs
  A scorpion (D:4)
  A small abomination (Abyss:3)
  4 killer bees (D:8)
  5 wights
  A quasit (D:4)
  2 centaur zombies
  A hound (D:5)
  A bullfrog skeleton (D:5)
  A bullfrog zombie (D:6)
  2 jellies
  5 orc priests
  An iron imp (D:4)
  2 orc wizards
  Terence (D:3)
  A statue (D:4)
  3 gnolls (D:3)
  A howler monkey skeleton (D:5)
  15 adders
  3 river rats (Sewer)
  A white imp (D:4)
  An ufetubus (D:7)
  2 adder skeletons (D:4)
  3 worms
  2 dart slugs
  17 orcs
  11 ball pythons
  8 bats
  9 endoplasms
  13 giant cockroaches
  10 goblins
  4 hobgoblins
  13 jackals
  4 quokkas
  6 frilled lizards
  21 kobolds
  A quokka skeleton (D:4)
  A quokka zombie (D:6)
  14 rats
  A rat zombie (D:6)
246 creatures vanquished.

Vanquished Creatures (others)
  2 plants (D:4)
2 creatures vanquished.

Grand Total: 248 creatures vanquished

Table legend:
 A = Non-vault XP
 B = Vault XP
 C = Vault XP percentage of total XP
 D = Non-vault monster count
 E = Vault monster count
 F = Vault count percentage of total count
                 A         B        C        D         E       F
            +---------+---------+-------+---------+---------+-------
      Total |    8520 |    5720 |  40.2 |     179 |      77 |  30.1
            +---------+---------+-------+---------+---------+-------
        D:1 |      37 |       0 |   0.0 |      24 |       0 |   0.0
        D:2 |      82 |       0 |   0.0 |      23 |       0 |   0.0
        D:3 |     203 |     358 |  63.8 |      13 |      16 |  55.2
        D:4 |     326 |     332 |  50.5 |      24 |       6 |  20.0
        D:5 |     516 |       0 |   0.0 |      10 |       0 |   0.0
        D:6 |     779 |      15 |   1.9 |      17 |       9 |  34.6
        D:7 |     794 |     395 |  33.2 |      13 |       1 |   7.1
        D:8 |    1304 |     871 |  40.0 |      22 |       3 |  12.0
        D:9 |    1986 |     810 |  29.0 |      18 |       5 |  21.7
       D:10 |    2493 |    2792 |  52.8 |      12 |       6 |  33.3
    Abyss:3 |       0 |       0 |   N/A |       3 |       0 |   0.0
      Sewer |       0 |     147 | 100.0 |       0 |      31 | 100.0
            +---------+---------+-------+---------+---------+-------

Illustrated notes

Table legend:
 A = Kills in this place as a percentage of kills in entire the game.
 B = Kills by you in this place as a percentage of kills by you in the entire game.
 C = Kills by friends in this place as a percentage of kills by friends in the entire game.
 D = Other kills in this place as a percentage of other kills in the entire game.
 E = Experience gained in this place as a percentage of experience gained in the entire game.
 F = Experience gained in this place divided by the number of levels of this place that you have seen.
                   A       B       C       D       E      F
               +-------+-------+-------+-------+-------+----------------------
         Total | 100.0 | 100.0 |   N/A | 100.0 | 100.0 | 1095.4
       Dungeon |  86.7 |  86.8 |   N/A |  85.7 |  99.0 | 1409.3
         Abyss |   1.2 |   0.8 |   N/A |   7.1 |   0.0 |   0.0
         Sewer |  12.1 |  12.4 |   N/A |   7.1 |   1.0 | 147.0
               +-------+-------+-------+-------+-------+----------------------

Table legend: (Time is in decaauts)
 A = Elapsed time spent in this place.
 B = Non-inter-level travel time spent in this place.
 C = Inter-level travel time spent in this place.
 D = Time resting spent in this place.
 E = Time spent auto-exploring this place.
 F = Levels seen in this place.
 G = Mean time per level.
                   A        B        C        D        E       F      G
               +--------+--------+--------+--------+--------+-----+--------+
         Total |  12566 |  12154 |    412 |   1674 |   6839 |  13 |  966.6 |
       Dungeon |  11450 |  11038 |    412 |   1669 |   6214 |  10 | 1145.0 |
        Temple |     85 |     85 |      0 |      0 |     38 |   1 |   85.0 |
         Abyss |    146 |    146 |      0 |      5 |     63 |   1 |  146.0 |
         Sewer |    884 |    884 |      0 |      0 |    523 |   1 |  884.0 |
               +--------+--------+--------+--------+--------+-----+--------+

Top non-repeatable levels by time:
     D:8: 2375 daAuts
     D:4: 1784 daAuts
     D:3: 1603 daAuts
     D:6: 1144 daAuts
     D:7: 963 daAuts
     D:9: 914 daAuts
   Sewer: 884 daAuts
     D:5: 713 daAuts
     D:2: 694 daAuts
     D:1: 644 daAuts
    D:10: 612 daAuts
 Abyss:3: 146 daAuts
  Temple: 85 daAuts
